 Dungeon Crawl Stone Soup version 0.31.0-32-g396128a36d (webtiles) character file.

Game seed: 11957300358393012362

105841 phunky83 the Spry (level 15, -4/147 HPs)
             Began as a Minotaur Berserker on Apr 18, 2024.
             Was a High Priest of Trog.
             Slain by a rakshasa (illusionary)
             ... wielding a +2 whip of electrocution
              (6 damage)
             ... on level 15 of the Dungeon.
             The game lasted 01:01:11 (25217 turns).

phunky83 the Spry (Minotaur Berserker)             Turns: 25217, Time: 01:01:12

Health: -4/147     AC: 27    Str: 32    XL:     15   Next: 95%
Magic:  14/14      EV: 15    Int:  6    God:    Trog [*****.]
Gold:   1267       SH:  5    Dex: 11    Spells: 14/14 levels left

rFire   . . .        f - +1 war axe (flame)
rCold   + . .        p - +0 buckler
rNeg    . . .        r - +0 plate armour
rPois   .            (helmet restricted)
rElec   .            L - +2 cloak {Will+}
rCorr   .            h - +1 pair of gloves
SInv    .            x - +1 pair of boots
Will    ++++.        k - amulet of regeneration Stlth
                     t - ring of protection from cold
HPRegen 2.24/turn    m - +6 ring of strength
MPRegen 0.14/turn

%: no passive effects
@: strong-willed, regenerating
A: horns 2, retaliatory headbutt
a: Renounce Religion, Berserk, Trog's Hand, Brothers in Arms


You were on level 15 of the Dungeon.
You worshipped Trog.
Trog was extremely pleased with you.
You visited 3 branches of the dungeon, and saw 22 of its levels.
You also visited: Ice Cave and Volcano.

You collected 3919 gold pieces.
You spent 2652 gold pieces at shops.

Inventory:

Hand Weapons
 f - a +1 war axe of flaming (weapon)
Missiles
 a - 3 javelins (quivered)
 j - a throwing net
 G - 12 boomerangs
Armour
 h - a +1 pair of gloves (worn)
 p - a +0 buckler (worn)
 r - a +0 plate armour (worn)
 x - a +1 pair of boots (worn)
 K - a +1 scale mail of fire resistance
 L - a +2 cloak of willpower (worn)
 S - a +0 cloak of cold resistance
Jewellery
 e - a ring of protection from fire
 k - an amulet of regeneration (around neck)
 m - a +6 ring of strength (right hand)
 t - a ring of protection from cold (left hand)
 F - a ring of poison resistance
 J - a ring of flight
 P - the amulet "Kasmest" {Acrobat rElec rCorr Dex+3}
   (You acquired it on level 11 of the Dungeon)

   [amulet of the acrobat]

   Acrobat:   It increases your evasion while moving and waiting.
   Dex+3:     It affects your dexterity (+3).
   rElec:     It insulates you from electricity.
   rCorr:     It protects you from acid and corrosion.
 T - an amulet of reflection
 W - a ring of protection from cold
Wands
 o - a wand of polymorph (7)
 y - a wand of mindburst (8)
 E - a wand of paralysis (5)
 I - a wand of acid (10)
 U - a wand of iceblast (3)
 V - a wand of digging (11)
Scrolls
 d - 5 scrolls of blinking
 g - 2 scrolls of poison
 i - 13 scrolls of teleportation
 l - 4 scrolls of fog
 q - 3 scrolls of immolation
 v - 4 scrolls of brand weapon
 C - 5 scrolls of revelation
 M - 7 scrolls of identify
 X - a scroll of fear
Potions
 b - 12 potions of curing
 c - a potion of cancellation
 n - 3 potions of berserk rage
 s - 2 potions of invisibility
 u - a potion of enlightenment
 w - 3 potions of attraction
 z - 2 potions of haste
 A - a potion of ambrosia
 B - 5 potions of mutation
 D - 4 potions of might
 N - 2 potions of heal wounds
 O - 2 potions of resistance
Miscellaneous
 R - a phial of floods


   Skills:
 + Level 17.3 Fighting
 - Level 16.0 Axes
 - Level 5.0 Throwing
 + Level 17.0 Armour
 + Level 18.7 Dodging
 - Level 5.0 Shields
 - Level 5.0 Evocations


You had 14 spell levels left.
You didn't know any spells.
Your spell library was empty.

Dungeon Overview and Level Annotations

Branches:
Dungeon (15/15)            Temple (0/1) D:4            Lair (5/5) D:9
 Shoals (0/4) Lair:2       Spider (0/4) Lair:3        Slime (0/5) Lair:5
    Orc (2/2) D:10            Elf (0/3) Orc:2        Vaults (0/5) D:13
 Depths (0/4) D:15          IceCv (visited)         Volcano (visited)

Altars:
Ashenzari
Hepliaklqana
Okawaru
Sif Muna
Trog
Uskayaw
Wu Jian
Zin
Jiyva

Shops:
D:5 ?   D:12 *:   Orc:2 =*(!

Annotations:
D:3 2 runed translucent doors, Crazy Yiuf; kwass's ghost, amateur OpFi
Lair:1 exclusions: plant and 4 more exclusions
Orc:2 Jorgrun


Innate Abilities, Weirdness & Mutations

You have a pair of horns on your head.
You reflexively headbutt those who attack you in melee.


Message History

Trog accepts your kill.
Trog appreciates your killing of a magic user.
You hit the lindwurm. You burn the lindwurm.
The lindwurm completely misses you. You furiously retaliate!
You headbutt the lindwurm!! The lindwurm closely misses you.
The lindwurm barely misses you.
You hit the lindwurm. You burn the lindwurm.
The lindwurm is severely wounded.
The lindwurm breathes flames at you. The blast of flame hits you!
* * * LOW HITPOINT WARNING * * *
You feel much better.
The lindwurm bites you but does no damage.
The lindwurm barely misses you. x2
Unknown command.
You hit the fire dragon but do no damage.
You headbutt the fire dragon!
The fire dragon is lightly wounded.
You slash the lindwurm! You burn the lindwurm. You miss the rakshasa.
You barely miss the fire dragon.
The fire dragon is lightly wounded.
You hit the lindwurm. You burn the lindwurm.
You kill the lindwurm!
Trog accepts your kill.
You slash the rakshasa! You burn the rakshasa. The rakshasa closely misses you.
You furiously retaliate!
You headbutt the rakshasa!! The fire dragon bites you!
The fire dragon closely misses you. The fire dragon barely misses you.
You slice the fire dragon!!
The fire dragon is moderately wounded.
You hit the rakshasa. You burn the rakshasa.
The injured rakshasa weaves a defensive illusion!
The fire dragon breathes flames at you. The blast of flame hits you!!
* * * LOW HITPOINT WARNING * * *
The blast of flame hits you!
* * * LOW HITPOINT WARNING * * *
The blast of flame hits the fire dragon.
The fire dragon resists.
The rakshasa hits you with a +2 whip of electrocution.
You die...

.... #+#.#.. #.....
#.#.# #...#
#####...#########
#..)†.......#...#
#$#@D.....#.#.#.#
#..RRR......'...#
#####...#.###...####
#...............
#...#.≈.......⌠.
#...+...........
##≈######...#### ###
#...#... #.....#.


You could see a fire dragon (catching breath) and 3 rakshasas.

Vanquished Creatures
  Rupert (D:14)
  Kirke (D:14)
  A reaper (IceCv)
  A stone giant (Volcano)
  A crystal guardian (D:15)
  Josephine (D:13)
  5 hydras
  8 vault guards (D:13)
  An ogre mage (D:15)
  5 centaur warriors
  2 two-headed ogres (D:12)
  6 boulder beetles
  6 death yaks (Lair:5)
  2 hell hogs (Lair:5)
  A naga sharpshooter (D:15)
  An occultist (D:15)
  A sun demon (D:15)
  3 orc high priests (Orc:2)
  Nergalle (Lair:1)
  3 skysharks
  Sonja (Orc:1)
  A salamander mystic (D:15)
  5 skeletal warriors (D:13)
  An orb spider (Lair:3)
  An arcanist (D:14)
  6 lindwurms
  5 orc knights (Orc:2)
  A harpy (D:13)
  2 deep elf zephyrmancers (D:15)
  7 ugly things
  2 manticores
  2 orc sorcerers (Orc:1)
  4 deep elf pyromancers
  4 salamanders (D:15)
  3 cyclopes
  8 elephants
  A rust devil (D:15)
  2 ice statues (IceCv)
  4 molten gargoyles
  10 black mambas
  An unseen horror (D:12)
  12 cane toads
  4 gargoyles
  A torpor snail (Lair:3)
  2 kobold demonologists
  3 efreet
  2 rime drakes (D:11)
  A freezing wraith (D:13)
  4 anaconda simulacra (IceCv)
  11 komodo dragons
  5 ice devils (IceCv)
  A yaktaur (D:13)
  2 tengu conjurers
  3 hornets
  9 trolls
  3 polar bears
  12 dream sheep (Lair:5)
  17 blink frogs
  4 slime creatures (D:14)
  8 wraiths
  A shadow (D:9)
  Sigmund (D:5)
  An air elemental (D:15)
  6 wyverns
  43 yaks
  A vampire (D:13)
  3 dire elephant simulacra (IceCv)
  3 fire elementals (Volcano)
  4 steam dragons
  9 basilisks
  A hog (D:14)
  9 wargs
  5 vampire mosquitoes
  Menkaure (D:5)
  2 harpy simulacra (IceCv)
  3 acid dragons
  A hydra simulacrum (IceCv)
  16 water moccasins
  3 hell hounds (Lair:5)
  A meliai simulacrum (D:15)
  Duvessa (D:4)
  27 orc warriors
  3 black bears
  A sky beast (D:7)
  15 wolves
  A boggart (D:15)
  5 centaurs
  6 ogres
  5 kobold brigands
  13 bullfrogs
  An earth elemental (Volcano)
  2 gnoll sergeants
  A scorpion (D:5)
  A two-headed ogre simulacrum (IceCv)
  Dowan (D:4)
  2 elephant simulacra (IceCv)
  8 killer bees
  2 electric eels (D:9)
  4 howler monkeys
  5 lava snakes (Lair:5)
  6 hounds
  4 jellies (Lair:5)
  20 orc priests
  Ijyb (D:3)
  An iguana (D:7)
  26 orc wizards
  A polar bear simulacrum (IceCv)
  A spriggan simulacrum (IceCv)
  A troll simulacrum (IceCv)
  15 gnolls
  5 adders
  A shadow imp (D:5)
  3 white imps
  An ufetubus (IceCv)
  3 dart slugs
  3 ribbon worms
  88 orcs
  9 ball pythons
  4 endoplasms (D:1)
  4 giant cockroaches
  7 goblins
  2 hobgoblins
  3 quokkas
  4 bats
  6 frilled lizards
  8 kobolds
  3 rats
674 creatures vanquished.

Vanquished Creatures (others)
  A human (D:14)
1 creature vanquished.

Grand Total: 675 creatures vanquished

Notes
Turn   | Place    | Note
-------+----------+-------------------------------------------
     0 | D:1      | phunky83 the Minotaur Berserker began the quest for the
                  | Orb.
     0 | D:1      | Reached XP level 1. HP: 19/19 MP: 0/0
   203 | D:1      | Reached XP level 2. HP: 24/27 MP: 1/1
   440 | D:1      | Found a faded altar of an unknown god.
   609 | D:2      | Reached ** piety under Trog
   764 | D:2      | Found an ornate altar of the Wu Jian Council.
   829 | D:2      | Reached XP level 3. HP: 33/33 MP: 2/2
  1314 | D:3      | Noticed Ijyb
  1328 | D:3      | Killed Ijyb
  1621 | D:2      | Reached XP level 4. HP: 40/40 MP: 3/3
  1797 | D:3      | Reached skill level 3 in Dodging
  1805 | D:3      | Reached skill level 5 in Axes
  2072 | D:3      | Reached XP level 5. HP: 36/47 MP: 4/4
  2123 | D:3      | Found a runed translucent door.
  2125 | D:3      | Noticed kwass's ghost (amateur OpFi)
  2126 | D:3      | Noticed an ogre
  2255 | D:3      | Found a runed translucent door.
  2256 | D:3      | Noticed Crazy Yiuf
  2466 | D:4      | Noticed an ogre
  2472 | D:4      | Killed an ogre
  2473 | D:4      | Reached XP level 6. HP: 55/55 MP: 5/5
  2494 | D:4      | Found a shimmering blue altar of Sif Muna.
  2494 | D:4      | Found a hide-covered altar of Uskayaw.
  2500 | D:4      | Reached skill level 5 in Fighting
  2526 | D:4      | Reached skill level 4 in Dodging
  2638 | D:4      | Reached *** piety under Trog
  2646 | D:4      | Found a glowing silver altar of Zin.
  2703 | D:4      | Noticed Duvessa
  2703 | D:4      | Noticed Dowan
  2708 | D:4      | Killed Duvessa
  2709 | D:4      | Reached XP level 7. HP: 61/61 MP: 6/6
  2723 | D:4      | Killed Dowan
  2724 | D:4      | Reached skill level 1 in Shields
  2962 | D:4      | Found a staircase to the Ecumenical Temple.
  3035 | D:4      | Found a broken altar of Ashenzari.
  3178 | D:4      | Found an iron altar of Okawaru.
  3291 | D:5      | Entered Level 5 of the Dungeon
  3291 | D:5      | Noticed Sigmund
  3298 | D:5      | Killed Sigmund
  3299 | D:5      | Reached skill level 5 in Armour
  3375 | D:5      | Found The Oracle's Delphic Readings.
  3419 | D:5      | Bought a scroll of identify for 26 gold pieces
  3809 | D:5      | Noticed Menkaure
  3816 | D:5      | Killed Menkaure
  3817 | D:5      | Reached XP level 8. HP: 70/70 MP: 7/7
  4167 | D:6      | Identified the +5 flail "Noim" {flame, Stlth+}
  4194 | D:6      | Found a bloodstained altar of Trog.
  4345 | D:6      | Reached skill level 5 in Dodging
  5035 | D:7      | Identified the +1 helmet of Moral Flaws {Harm rC+++ Will-
                  | Regen+ Int-3}
  5067 | D:7      | Reached XP level 9. HP: 78/78 MP: 8/8
  5157 | D:7      | Reached **** piety under Trog
  5224 | D:7      | Found a hazy altar of Hepliaklqana.
  5362 | D:7      | Reached skill level 6 in Dodging
  5873 | D:8      | Reached skill level 10 in Axes
  5980 | D:8      | Identified a scroll of acquirement
  5981 | D:8      | Acquired a manual of Dodging
  6064 | D:8      | Reached skill level 5 in Shields
  6441 | D:9      | Noticed a two-headed ogre
  6490 | D:9      | Reached skill level 7 in Dodging
  6802 | D:9      | Found a staircase to the Lair.
  6811 | D:9      | Reached XP level 10. HP: 32/88 MP: 9/9
  7117 | D:9      | Reached skill level 8 in Dodging
  7992 | D:10     | Entered Level 10 of the Dungeon
  8473 | D:10     | Reached skill level 9 in Dodging
  8646 | D:10     | Found a staircase to the Orcish Mines.
  8815 | D:10     | Acquired 929 gold pieces
  8915 | D:5      | Bought a scroll of acquirement for 676 gold pieces
  8915 | D:5      | Bought a scroll of blinking for 97 gold pieces
  8915 | D:5      | Bought a scroll of revelation for 97 gold pieces
  8915 | D:5      | Bought a scroll of fog for 52 gold pieces
  8919 | D:5      | Acquired 785 gold pieces
  9034 | Lair:1   | Entered Level 1 of the Lair of Beasts
  9044 | Lair:1   | Noticed a black mamba
  9058 | Lair:1   | Killed a black mamba
  9333 | Lair:1   | Noticed Nergalle
  9346 | Lair:1   | Killed Nergalle
  9386 | Lair:1   | Noticed a cane toad
  9389 | Lair:1   | Noticed a cane toad
  9394 | Lair:1   | Killed a cane toad
  9395 | Lair:1   | Reached XP level 11. HP: 72/97 MP: 10/10
  9409 | Lair:1   | Reached skill level 10 in Dodging
 10121 | Lair:1   | Reached skill level 10 in Fighting
 10551 | Lair:2   | Reached skill level 11 in Dodging
 10602 | Lair:2   | HP: 5/101 [komodo dragon (2)]
 10606 | Lair:2   | Reached skill level 10 in Armour
 10860 | Lair:2   | Noticed a skyshark
 10866 | Lair:2   | Killed a skyshark
 11014 | Lair:2   | Reached skill level 12 in Dodging
 11014 | Lair:2   | Reached XP level 12. HP: 53/110 MP: 11/11
 11113 | Lair:2   | Found a staircase to the Shoals.
 11194 | Lair:2   | Reached skill level 15 in Axes
 11676 | Lair:2   | Reached skill level 1 in Evocations
 12002 | Lair:3   | Noticed a six-headed hydra
 12008 | Lair:3   | Killed a three-headed hydra
 12035 | Lair:3   | Reached skill level 13 in Dodging
 12139 | Lair:3   | Found a hole to the Spider Nest.
 12660 | Lair:3   | Reached skill level 1 in Throwing
 13494 | Lair:4   | Noticed a seven-headed hydra
 13502 | Lair:4   | Noticed a five-headed hydra
 13513 | Lair:3   | Killed a one-headed hydra
 13514 | Lair:3   | Reached XP level 13. HP: 63/118 MP: 12/12
 13750 | Lair:4   | Found a dark tunnel.
 13766 | Volcano  | Entered a volcano
 13793 | Volcano  | Noticed a stone giant
 13810 | Volcano  | Killed a stone giant
 13811 | Volcano  | Reached skill level 14 in Dodging
 14663 | Lair:5   | Entered Level 5 of the Lair of Beasts
 14677 | Lair:5   | Identified the +1 leather armour of Vexation {rF++ Will+++
                  | Int-3}
 14927 | Lair:5   | Reached skill level 15 in Dodging
 15032 | Lair:5   | Found a viscous altar of Jiyva.
 15040 | Lair:5   | Found a staircase to the Slime Pits.
 15100 | Lair:5   | Reached skill level 5 in Evocations
 15265 | Lair:5   | Reached skill level 5 in Throwing
 16082 | Lair:5   | Reached XP level 14. HP: 118/129 MP: 13/13
 16519 | Lair:5   | Found a large runed translucent door.
 16531 | Lair:5   | Found a large runed translucent door.
 16540 | Lair:5   | Reached skill level 16 in Dodging
 17481 | Orc:1    | Entered Level 1 of the Orcish Mines
 17545 | Orc:1    | Noticed Sonja
 17562 | Orc:1    | Killed Sonja
 17996 | Orc:2    | Entered Level 2 of the Orcish Mines
 17996 | Orc:2    | Found a staircase to the Elven Halls.
 18396 | Orc:2    | Reached ***** piety under Trog
 18713 | Orc:2    | Found Vaucvoso's Distillery.
 19130 | Orc:2    | Noticed Jorgrun
 19489 | Orc:2    | Found Pideapyg's General Store.
 19534 | Orc:2    | Found Ofue's Weapon Shop.
 19569 | Orc:2    | Found Tioffuw's Jewellery Shop.
 19966 | Orc:2    | Bought a ring of protection from fire for 425 gold pieces
 19966 | Orc:2    | Bought a ring of poison resistance for 340 gold pieces
 19994 | Orc:2    | Bought a scroll of identify for 34 gold pieces
 19994 | Orc:2    | Bought a potion of heal wounds for 85 gold pieces
 19994 | Orc:2    | Bought a scroll of teleportation for 51 gold pieces
 19994 | Orc:2    | Bought a potion of heal wounds for 85 gold pieces
 20030 | Orc:2    | Bought a potion of heal wounds for 90 gold pieces
 20030 | Orc:2    | Bought a potion of curing for 54 gold pieces
 20030 | Orc:2    | Bought 2 potions of curing for 108 gold pieces
 20030 | Orc:2    | Bought a potion of might for 72 gold pieces
 20030 | Orc:2    | Bought 2 potions of resistance for 360 gold pieces
 20136 | D:11     | Acquired the amulet "Kasmest" {Acrobat rElec rCorr Dex+3}
 20350 | D:11     | Reached skill level 17 in Dodging
 20351 | D:11     | Found a frozen archway.
 20362 | D:11     | Received a gift from Trog
 20402 | IceCv    | Entered an ice cave
 20689 | IceCv    | Reached skill level 15 in Fighting
 21004 | IceCv    | Noticed a reaper
 21014 | IceCv    | Killed a reaper
 21015 | IceCv    | Reached skill level 15 in Armour
 21664 | D:12     | Identified the +0 leather armour of the Quahog {rF+ rN+
                  | Will++ Int+3}
 22085 | D:12     | Found Xittoodgho's Book Shoppe.
 22249 | D:12     | Found Wici's Assorted Antiques.
 22470 | D:13     | Reached XP level 15. HP: 138/141 MP: 14/14
 22528 | D:13     | Identified the +2 battleaxe "Oclaon" {heavy, rPois rF+ rN+}
                  | (Trog gifted it to you on level 13 of the Dungeon)
 22528 | D:13     | Received a gift from Trog
 22973 | D:13     | Noticed Josephine
 22978 | D:13     | Killed Josephine
 23238 | D:13     | Found a gate to the Vaults.
 23272 | D:13     | Reached skill level 18 in Dodging
 23540 | D:14     | Noticed Rupert
 23557 | D:14     | Killed Rupert
 24030 | D:14     | Noticed Kirke
 24037 | D:14     | Killed Kirke
 24460 | D:15     | Entered Level 15 of the Dungeon
 24535 | D:15     | Received a gift from Trog
 24623 | D:15     | Found a staircase to the Depths.
 24859 | D:15     | HP: 2/147 [salamander mystic/bolt of magma (33)]
 25217 | D:15     | HP: 2/147 [fire dragon/blast of flame (13)]
 25217 | D:15     | Slain by a rakshasa (illusionary)

Illustrated notes

Levels and vault maps discovered:
D:1:      mrwooster_arrival_statue_2, layout_rooms, basic_ecumenical_altar,
          minivault_11, minmay_tiny_reverse_x
D:2:      layout_rooms, basic_altar
D:3:      layout_loops_ring, ebering_ghost_inner_flame, uniq_crazy_yiuf_cottage,
          uniq_ijyb
D:4:      layout_cave_pools, nicolae_overflow_macrodata_refinement,
          kennysheep_okawaru_gauntlet, minmay_temple_entry_arrows, uniq_duvessa
D:5:      layout_gridville, nicolae_nh_oracle_at_delphi, uniq_sigmund,
          uniq_menkaure
D:6:      layout_gridville, mainiacjoe_overflow_concentric_impassable
D:7:      layout_basic, nicolae_hepliaklqana_hazy_memory
D:8:      layout_cave_pools
D:9:      layout_basic, erik_lair_island, grunt_decor_clamped, minmay_holes
D:10:     layout_cave_pools, orc_0_dummy
D:11:     layout_stronghold, portal_ice_cave_rime, minmay_misc_feat_x
D:12:     layout_stronghold, serial_shops, nicolae_shop_pleasant_corner_grove,
          shop
D:13:     layout_roguey, erik_vaults_2, serial_curves, eino_curves_01,
          eino_curves_02, drop_trap, hangedman_corner_corridor, uniq_josephine
D:14:     layout_basic, minmay_misc_feat_square, uniq_kirke, uniq_rupert
D:15:     hangedman_crystal_crosses_colossus [crystal_crosses_arms_four,
          crystal_crosses_arms_two, crystal_crosses_arms_one], serial_shops,
          uniq_nessos, uniq_azrael
Lair:1:   layout_regular_city, serial_bayou_shore_a, grunt_megastairs_4,
          uniq_nergalle
Lair:2:   layout_chaotic_city, mainiacjoe_shoals_entry_four_pools,
          chequers_serial_rivers_micro_c, nicolae_lair_lindhole
Lair:3:   layout_roguey, nicolae_spider_entry_orb_guardian
Lair:4:   layout_misc_corridors, enter_volcano_1
Lair:5:   cheibrodos_lair_end_hotspot, layout_regular_city,
          nicolae_slime_entry_field_trip
Orc:1:    layout_caves, uniq_sonja
Orc:2:    st_orc_town, layout_caves, serial_shops, shop, uniq_jorgrun

Skill      XL: |  1  2  3  4  5  6  7  8  9 10 11 12 13 14 15 |
---------------+----------------------------------------------+-----
Axes           | 4 5 6 7 9 11 12 14 16 | 16.0
Fighting       | 4 5 6 8 9 11 12 13 15 17 | 17.3
Armour         | 3 4 5 6 7 9 10 11 13 15 17 | 17.0
Dodging        | 3 4 5 7 9 12 13 15 17 18 | 18.7
Shields        | 2 4 5 |  5.0
Evocations     | 3 5 |  5.0
Throwing       | 2 5 |  5.0

Action                     |  1- 3 |  4- 6 |  7- 9 | 10-12 | 13-15 || total
---------------------------+-------+-------+-------+-------+-------++-------
  Melee: Hand axe          |    73 |    81 |    80 |       |       ||   234
         Headbutt          |    16 |    19 |    41 |   102 |   307 ||   485
         Punch             |     1 |       |       |       |       ||     1
         Flail             |       |       |    33 |       |       ||    33
         War axe           |       |       |   182 |   501 |  1191 ||  1874
  Throw: Throwing net      |       |     1 |       |       |       ||     1
         Boomerang         |       |       |       |    40 |     4 ||    44
         Javelin           |       |       |       |       |     4 ||     4
 Invoke: Trog's Hand       |     1 |     3 |     7 |    17 |    29 ||    57
         Berserk           |     1 |     1 |     3 |     4 |     6 ||    15
  Evoke: Wand              |       |     5 |     4 |    13 |    10 ||    32
    Use: Scroll            |       |     3 |    12 |     8 |    13 ||    36
         Potion            |       |       |     2 |     1 |     4 ||     7
   Stab: Held in net/web   |       |     2 |       |       |       ||     2
         Paralysed         |       |       |       |       |     2 ||     2
 Armour: Animal skin       |     8 |       |       |       |       ||     8
         Leather armour    |    22 |       |       |       |       ||    22
         Ring mail         |     6 |    34 |   112 |       |       ||   152
         Acid dragon scale |       |       |    40 |   145 |       ||   185
         Scale mail        |       |       |    34 |       |    84 ||   118
         Plate armour      |       |       |       |   251 |   394 ||   645
         Chain mail        |       |       |       |       |   263 ||   263
  Dodge: Dodged            |    43 |    52 |   153 |   304 |   567 ||  1119
  Block: Buckler           |       |       |    64 |   115 |   196 ||   375
